[Event "Team 45 45 League T72"]
[Site "Internet Chess Club"]
[Date "2017.04.11"]
[Round "4"]
[White "Packerfan"]
[Black "Goli"]
[Result "1/2-1/2"]
[WhiteElo "1775"]
[BlackElo "1745"]
[Opening "King's Indian: 6.Be2"]
[ECO "E91"]
[Time "16:01:52"]
[TimeControl "2700+45"]

1. e4 g6 2. d4 Bg7 3. Nf3 d6 4. c4 Nf6 5. Nc3 O-O 6. Be2 Bg4 7. h3 Bxf3 8. Bxf3
Nc6 9. O-O e5 10. d5 Nd4 11. Bg5 h6 12. Be3 Nxf3+ 13. Qxf3 Kh7 14. b4 a5 15. a3
axb4 16. axb4 Qd7 17. Qe2 Nh5 18. Kh2 Nf4 19. Qd2 f5 20. f3 Nh5 21. c5 fxe4 22.
fxe4 Nf4 23. Rxa8 Rxa8 24. Bxf4 exf4 25. Ne2 g5 26. Nd4 Bxd4 27. Qxd4 Qg7 28.
Qxg7+ Kxg7 29. cxd6 cxd6 30. Rc1 Re8 31. Rc7+ Kf6 32. Rxb7 Rxe4 33. b5 Rb4 34.
Rd7 Ke5 35. Rh7 Rxb5 36. Rxh6 Rxd5 37. Rh5 Ke4 38. h4 gxh4 39. Rxh4 Rg5 40. Rh8
d5 41. Re8+ Re5 42. Rd8 d4 43. Kg1 Kd3 44. Kf1 Kc3 45. Rc8+ Kd2 46. Rf8 Ke3 47.
Ke1 d3 48. Kd1 Re4 49. Rd8 Rd4 50. Re8+ Kf2 51. Rg8 Re4 52. Kd2 Rd4 53. Kd1 Ke3
54. Re8+ Re4 55. Rd8 Re5 56. Rf8 Rd5 57. Re8+ Kd4 58. Rf8 Ke4 59. Re8+ Kf5 60.
Rf8+ Kg4 61. Rg8+ Kh4 62. Kd2 Rd4 63. Rg7 Rd6 64. Rg8 Kh5 65. Rg7 Kh6 66. Rg4
Rd4 67. Rg8 {Game drawn by mutual agreement} 1/2-1/2

[Event "Team 45 45 League T72"]
[Site "Internet Chess Club"]
[Date "2017.04.07"]
[Round "4"]
[White "Egmont"]
[Black "tryanything"]
[Result "1/2-1/2"]
[WhiteElo "1677"]
[BlackElo "1607"]
[Opening "QGD Slav: 4.e3 Bf5"]
[ECO "D12"]
[Time "04:57:35"]
[TimeControl "2700+45"]

1. d4 Nf6 2. Nf3 d5 3. e3 Bf5 4. c4 c6 5. Nc3 e6 6. Bd3 Bg6 7. Be2 h6 8. Ne5 Bh7
9. f4 Nbd7 10. cxd5 exd5 11. O-O Be7 12. a3 O-O 13. b4 a6 14. Bd3 Nb6 15. Bxh7+
Nxh7 16. Na4 Nxa4 17. Qxa4 Nf6 18. Qc2 Ne4 19. Bd2 Bd6 20. Nd3 Qh4 21. Be1 Qe7
22. Bf2 Rae8 23. Rfe1 Nxf2 24. Qxf2 Qe4 25. Nc5 Bxc5 26. bxc5 Re7 27. Qf3 Qxf3
28. gxf3 f5 29. Re2 Rff7 30. Kf2 {Game drawn by mutual agreement} 1/2-1/2

[Event "Team 45 45 League T72"]
[Site "Internet Chess Club"]
[Date "2017.04.07"]
[Round "4"]
[White "clarinetref"]
[Black "julesraider"]
[Result "0-1"]
[WhiteElo "1560"]
[BlackElo "1645"]
[Opening "Caro-Kann: classical, Spassky variation"]
[ECO "B18"]
[Time "20:33:21"]
[TimeControl "2700+45"]

1. e4 c6 2. d4 d5 3. Nc3 dxe4 4. Nxe4 Bf5 5. Ng3 Bg6 6. Nf3 Nd7 7. h4 h6 8. h5
Bh7 9. Bd3 Bxd3 10. Qxd3 Ngf6 11. Bd2 e6 12. O-O-O Be7 13. Qb3 O-O 14. Kb1 a5
15. a4 b5 16. axb5 a4 17. Qc4 cxb5 18. Qxb5 Nd5 19. Ne5 Nxe5 20. dxe5 Qc7 21. c4
Rfb8 22. Rc1 Rxb5 23. cxb5 Qb6 24. Ne4 Qxb5 25. Rh3 a3 26. b3 a2+ 27. Ka1 Ba3
28. Nd6 Qe2 {White resigns} 0-1

[Event "Team 45 45 League T72"]
[Site "Internet Chess Club"]
[Date "2017.04.06"]
[Round "4"]
[White "tightfist"]
[Black "Aquaman"]
[Result "1-0"]
[WhiteElo "1547"]
[BlackElo "1363"]
[Opening "Réti opening"]
[ECO "A04"]
[Time "21:02:40"]
[TimeControl "2700+45"]

1. Nf3 d6 2. d4 Nf6 3. c4 Nbd7 4. Nc3 c6 5. e4 e5 6. Be3 Be7 7. Be2 O-O 8. O-O
Qc7 9. Rc1 Re8 10. Qc2 Qd8 11. Rfd1 Ng4 12. dxe5 Nxe3 13. fxe3 Qc7 14. exd6 Bxd6
15. Qd3 Re6 16. Qc2 Rh6 17. Kf2 Nf6 18. Qd3 Ng4+ 19. Ke1 Be7 20. e5 Be6 21. Qe4
f5 22. exf6 Rxf6 23. Nd4 Ne5 24. Nxe6 Rxe6 25. Bg4 Rg6 26. Bf5 Rf6 27. Bxh7+ Kf8
28. Bf5 Re8 29. Rc2 Rd8 30. Rxd8+ Bxd8 31. Bh3 Rh6 32. Rf2+ Bf6 33. Ne2 Qd8 34.
Qxe5 Rxh3 35. Qe6 Rh6 36. Rxf6+ Rxf6 37. Qe5 Qe7 38. Qb8+ Kf7 39. a3 Re6 40.
Qf4+ Rf6 41. Qg3 Rg6 42. Qf4+ Rf6 43. Qd4 b6 44. Nf4 Rd6 45. Qc3 Qh4+ 46. Ke2
Qg4+ 47. Kf2 Qd7 48. c5 bxc5 49. Qc4+ Ke7 50. Qxc5 Kd8 51. Qa5+ Qc7 52. Qg5+ Kc8
53. Qf5+ Kb7 54. Ne6 Qe7 55. Nc5+ Ka8 56. Qc8# {Black checkmated} 1-0

[Event "Team 45 45 League T72"]
[Site "Internet Chess Club"]
[Date "2017.04.09"]
[Round "4"]
[White "JJ12"]
[Black "Monterrey"]
[Result "0-1"]
[WhiteElo "2033"]
[BlackElo "1931"]
[Opening "French: Winawer, advance, positional main line"]
[ECO "C19"]
[Time "18:05:24"]
[TimeControl "2700+45"]

1. e4 e6 2. d4 d5 3. Nc3 Bb4 4. e5 c5 5. a3 Bxc3+ 6. bxc3 Ne7 7. Nf3 Nbc6 8. Bd3
Qa5 9. Bd2 c4 10. Be2 Qa4 11. O-O Bd7 12. Ra2 f6 13. exf6 gxf6 14. Nh4 O-O-O 15.
Bh6 Rhg8 16. Bh5 Ng6 17. Nf3 Nce7 18. Bc1 Nf5 19. Re1 Nd6 20. Qe2 Ne4 21. Qe3
Qa5 22. Bb2 Qc7 23. Nd2 Nh4 24. g3 Nf5 25. Qe2 Nfxg3 26. fxg3 Nxg3 27. Qf3 Nxh5+
28. Kh1 Ng3+ 29. hxg3 Rxg3 30. Qf1 Rdg8 31. Re2 e5 32. Nf3 Bh3 33. Qf2 Qg7 34.
Ne1 Qh6 35. Qh2 Rg1+ {White resigns} 0-1

[Event "Team 45 45 League T72"]
[Site "Internet Chess Club"]
[Date "2017.04.09"]
[Round "4"]
[White "achessman"]
[Black "Covy"]
[Result "0-1"]
[WhiteElo "1904"]
[BlackElo "1961"]
[Opening "Sicilian: Alapin's variation (2.c3)"]
[ECO "B22"]
[Time "21:07:08"]
[TimeControl "2700+45"]

1. e4 c5 2. c3 d5 3. exd5 Qxd5 4. d4 Nf6 5. Nf3 Nc6 6. dxc5 Qxd1+ 7. Kxd1 e5 8.
b4 e4 9. Nd4 a5 10. Bb5 Bd7 11. Bxc6 bxc6 12. Re1 Be7 13. Kc2 axb4 14. cxb4 Nd5
15. Kb3 O-O 16. a3 Rfb8 17. Bb2 Bxc5 18. Rxe4 Bd6 19. Nc3 Nf6 20. Re2 c5 21. Nf3
cxb4 22. axb4 Rxb4+ 23. Kc2 Bf5+ 24. Kd1 Rc8 25. Na2 Rb7 26. Ke1 Ne4 27. Rd1 Bc5
28. Bd4 Bf8 29. Nh4 Be6 30. Rxe4 Bxa2 31. Be3 Rb2 32. Nf5 Be6 33. Nh4 Bc4 34.
Nf3 Re2+ 35. Kf1 Rd2+ 36. Ke1 Rc2 37. Bd2 f5 38. Re5 Bd6 39. Re3 Bf4 40. Re2
Bxe2 41. Kxe2 Bxd2 42. Rxd2 Rxd2+ 43. Kxd2 Kf7 44. h3 h6 45. h4 g6 46. g3 Ke6
47. Ne1 Kd5 48. Ke2 Re8+ 49. Kf1 Ke4 50. Ke2 Ra8 51. f3+ Kd4 52. Nc2+ Kc3 53.
Ne1 Re8+ 54. Kf2 Kd2 55. Ng2 Re2+ 56. Kf1 g5 57. Kg1 Rxg2+ 58. Kxg2 gxh4 59.
gxh4 f4 60. h5 Ke2 61. Kh3 Kxf3 62. Kh4 Ke2 63. Kg4 f3 64. Kf5 f2 65. Kg6 f1=Q
66. Kxh6 Qf6+ 67. Kh7 Kf3 68. h6 Kf4 69. Kg8 Qxh6 {White resigns} 0-1

[Event "Team 45 45 League T72"]
[Site "Internet Chess Club"]
[Date "2017.04.09"]
[Round "4"]
[White "Agarnez"]
[Black "Holgate"]
[Result "1-0"]
[WhiteElo "1957"]
[BlackElo "2001"]
[Opening "King's Indian: fianchetto, Panno variation"]
[ECO "E63"]
[Time "15:01:08"]
[TimeControl "2700+45"]

1. d4 Nf6 2. c4 g6 3. Nf3 Bg7 4. g3 O-O 5. Bg2 d6 6. Nc3 Nc6 7. O-O a6 8. e3 Rb8
9. Qe2 b5 10. Rd1 b4 11. Nd5 Nd7 12. b3 e6 13. Nf4 Ne7 14. Bb2 c6 15. e4 Qb6 16.
e5 dxe5 17. Nxe5 Nxe5 18. dxe5 c5 19. h4 Rd8 20. Rxd8+ Qxd8 21. Rd1 Qc7 22. h5
Nc6 23. hxg6 hxg6 24. Nd3 Nd4 25. Qe3 Qa5 26. Bxd4 cxd4 27. Qxd4 Qxa2 28. Qd6
Qxb3 29. Nc5 Qc2 30. Be4 Qxc4 31. Qxb8 {Black resigns} 1-0

[Event "Team 45 45 League T72"]
[Site "Internet Chess Club"]
[Date "2017.04.10"]
[Round "4"]
[White "LittleButton"]
[Black "ChessRooklift"]
[Result "1/2-1/2"]
[WhiteElo "1860"]
[BlackElo "1760"]
[Opening "Queen's pawn game"]
[ECO "A46"]
[Time "14:03:27"]
[TimeControl "2700+45"]

1. d4 Nf6 2. Nf3 c5 3. c3 cxd4 4. cxd4 d6 5. Bg5 Nbd7 6. Nc3 h6 7. Bh4 g6 8. e3
Bg7 9. Be2 O-O 10. O-O b6 11. e4 Nh7 12. Bg3 Bb7 13. e5 dxe5 14. Nxe5 Nxe5 15.
Bxe5 Ng5 16. f4 Ne4 17. f5 Bxe5 18. dxe5 Nxc3 19. bxc3 Qc7 20. fxg6 fxg6 21. Qd4
Qc5 {Game drawn by mutual agreement} 1/2-1/2

[Event "Team 45 45 League T72"]
[Site "Internet Chess Club"]
[Date "2017.04.15"]
[Round "4"]
[White "Percival"]
[Black "captainX"]
[Result "1-0"]
[WhiteElo "2010"]
[BlackElo "2059"]
[Opening "QGD: semi-Slav"]
[ECO "D31"]
[Time "02:04:07"]
[TimeControl "2700+45"]

1. d4 e6 2. c4 d5 3. Nc3 c6 4. e3 Nd7 5. Nf3 f5 6. Bd3 Ngf6 7. cxd5 cxd5 8. O-O
Bd6 9. b3 O-O 10. Bb2 Ne4 11. Rc1 Ndf6 12. Ne5 Bd7 13. Nb5 Bxb5 14. Bxb5 Qa5 15.
a4 Rac8 16. Nd7 Rfd8 17. Nxf6+ Nxf6 18. Qe1 Qb6 19. Bc3 Bc7 20. Bb4 a6 21. Bc5
Qa5 22. Qxa5 Bxa5 23. Bd3 Ne4 24. Bxe4 fxe4 25. b4 Bc7 26. a5 Bb8 27. Rc2 Rd7
28. Rfc1 Rc6 29. h3 Kf7 30. Kf1 Bd6 31. Ke2 Rdc7 32. Kd2 Bxc5 33. bxc5 e5 34.
Rb2 Rf6 35. Ke2 exd4 36. exd4 Ke8 37. Rcb1 Rcf7 38. Ke3 Kd8 39. Rxb7 Rxf2 40.
Rb8+ Kc7 41. R1b7+ Kc6 42. Rxf7 Rxf7 43. Rb6+ Kc7 44. Rxa6 Rf6 45. Ra7+ Kc6 46.
Rxg7 h6 {Black resigns} 1-0

[Event "Team 45 45 League T72"]
[Site "Internet Chess Club"]
[Date "2017.04.09"]
[Round "4"]
[White "vael"]
[Black "LinceHispano44"]
[Result "1-0"]
[WhiteElo "2000"]
[BlackElo "1732"]
[Opening "French: Wing gambit"]
[ECO "C00"]
[Time "11:00:21"]
[TimeControl "2700+45"]

1. e4 e6 2. Nf3 d5 3. e5 c5 4. b4 cxb4 5. d4 Nc6 6. a3 Bd7 7. axb4 Bxb4+ 8. c3
Bf8 9. Bd3 a6 10. O-O Na5 11. Nbd2 Bb5 12. Bxb5+ axb5 13. Qe2 Nc4 14. Bb2 Rc8
15. Rfb1 Nh6 16. Nxc4 bxc4 17. Bc1 b6 18. Qb2 Be7 19. Qb5+ Qd7 20. Qxb6 O-O 21.
Ra7 Qd8 22. Qxd8 Bxd8 23. Rbb7 Rc6 24. Ba3 Re8 25. Bc5 Rc8 26. g4 g5 27. h4 gxh4
28. g5 Nf5 29. Rxf7 Ba5 30. Nxh4 Rxc5 31. Nxf5 exf5 32. Rg7+ Kh8 33. Rxh7+ Kg8
34. dxc5 Bxc3 35. Rag7+ Kf8 36. Rh8+ Kxg7 37. Rxe8 Bd4 38. c6 Bb6 39. c7 {Black
resigns} 1-0

[Event "Team 45 45 League T72"]
[Site "Internet Chess Club"]
[Date "2017.04.08"]
[Round "4"]
[White "Rhel"]
[Black "charles-allen"]
[Result "1/2-1/2"]
[WhiteElo "1800"]
[BlackElo "1856"]
[Opening "Queen's pawn, Mason variation"]
[ECO "D00"]
[Time "15:01:51"]
[TimeControl "2700+45"]

1. d4 d5 2. Bf4 e6 3. e3 Bd6 4. Bg3 Nf6 5. Nf3 c5 6. c3 Nc6 7. Nbd2 Qe7 8. Bd3
O-O 9. Ne5 Nd7 10. Nxd7 Bxd7 11. Bxd6 Qxd6 12. O-O cxd4 13. exd4 e5 14. dxe5
Nxe5 15. Nf3 Bg4 16. Be2 Rfe8 17. Nxe5 Bxe2 18. Qxe2 Rxe5 19. Qd2 Rae8 20. Rfe1
R8e6 21. Rad1 Qe7 22. Rxe5 Rxe5 23. g3 h5 24. h4 Qe6 25. Kg2 Qg4 26. Qd4 {Game
drawn by mutual agreement} 1/2-1/2

[Event "Team 45 45 League T72"]
[Site "Internet Chess Club"]
[Date "2017.04.05"]
[Round "4"]
[White "tightfist"]
[Black "KidRattler"]
[Result "0-1"]
[WhiteElo "1538"]
[BlackElo "1604"]
[Opening "Queen's pawn game"]
[ECO "D04"]
[Time "19:02:00"]
[TimeControl "2700+45"]

1. Nf3 d5 2. d4 Nf6 3. e3 Bf5 4. Be2 e6 5. O-O Nbd7 6. c4 c6 7. Nc3 dxc4 8. Bxc4
Bd6 9. Qb3 Qc7 10. h3 O-O 11. Bd2 Bg6 12. Rac1 a6 13. a4 Nb6 14. Be2 Rfd8 15.
Na2 Nbd5 16. Nb4 Nxb4 17. Bxb4 Bxb4 18. Qxb4 Nd5 19. Qc5 Qb6 20. Qxb6 Nxb6 21.
b3 Rac8 22. Ne5 f6 23. Nxg6 hxg6 24. Rc5 Rd5 25. Bg4 f5 26. Bf3 Rxc5 27. dxc5
Nd7 28. b4 Nf6 29. Rd1 Kf7 30. Rd6 Ke7 31. Kf1 e5 32. Be2 Rd8 33. Rxd8 Kxd8 34.
Bc4 Ke7 35. f3 g5 36. Ke2 Nd7 37. Kd3 b6 38. cxb6 Nxb6 39. Bb3 Kd6 40. g4 fxg4
41. hxg4 Nc8 42. Ke4 g6 43. Bc4 Nb6 44. Bxa6 Nxa4 45. Bf1 c5 46. b5 Nc3+ 47. Kd3
Nxb5 48. Kc4 Nc7 49. Bd3 Nd5 50. Bxg6 Nxe3+ 51. Kd3 Ng2 52. Ke4 Ke6 53. Bf5+ Kd6
54. Bg6 Nf4 55. Bf7 Ne6 56. Kf5 Nd4+ 57. Ke4 Ne6 58. Kf5 Nd4+ 59. Ke4 Nc6 60.
Bc4 Na5 61. Ba2 Nc6 62. Bb3 Na5 63. Bf7 c4 64. Ke3 Kc5 65. Be6 Kb4 66. Kd2 c3+
67. Kc2 Nc6 68. Bd5 Nd4+ 69. Kc1 Ne2+ 70. Kc2 Kc5 71. Be4 Kd4 72. Bb7 Ke3 73.
Be4 Nd4+ 74. Kxc3 Nxf3 75. Bf5 Kf4 76. Kd3 Nh2 77. Ke2 Nxg4 78. Bxg4 Kxg4 79.
Ke3 Kf5 80. Kf3 e4+ 81. Kg3 g4 82. Kg2 Kf4 83. Kf2 e3+ 84. Kg2 g3 85. Kf1 Kf3
86. Ke1 g2 {White resigns} 0-1

[Event "Team 45 45 League T72"]
[Site "Internet Chess Club"]
[Date "2017.04.06"]
[Round "4"]
[White "Agarnez"]
[Black "cadmiumorange"]
[Result "0-1"]
[WhiteElo "1937"]
[BlackElo "1902"]
[Opening "Modern defense: Averbakh system, Kotov variation"]
[ECO "A40"]
[Time "14:03:38"]
[TimeControl "2700+45"]

1. d4 g6 2. c4 Bg7 3. Nc3 d6 4. e4 Nc6 5. Be3 e5 6. d5 Nce7 7. f4 exf4 8. Bxf4
Nf6 9. Be2 O-O 10. Nf3 Nh5 11. Bg5 h6 12. Bh4 Nf4 13. O-O g5 14. Bf2 f5 15. Nd4
c5 16. dxc6 bxc6 17. exf5 Bxf5 18. Nxf5 Nxf5 19. Bf3 Qc7 20. Qd2 Rae8 21. Rae1
Rxe1 22. Rxe1 Qf7 23. b3 Ne7 24. Bd4 Nh3+ 25. gxh3 Bxd4+ 26. Qxd4 Qxf3 27. Qxa7
Nf5 28. Ne4 Nh4 29. Qf2 Qxh3 30. Re3 Qg4+ 31. Qg3 Qd1+ 32. Qe1 Qxe1+ {White
resigns} 0-1

[Event "Team 45 45 League T72"]
[Site "Internet Chess Club"]
[Date "2017.04.10"]
[Round "4"]
[White "volodia80"]
[Black "drbishop"]
[Result "1-0"]
[WhiteElo "1706"]
[BlackElo "1691"]
[Opening "French: advance variation"]
[ECO "C02"]
[Time "09:08:40"]
[TimeControl "2700+45"]

1. e4 e6 2. d4 d5 3. e5 c5 4. c3 Qb6 5. Nf3 Nc6 6. a3 cxd4 7. cxd4 Bd7 8. b4
Nge7 9. Be3 Nf5 10. Bd3 Be7 11. O-O O-O 12. Nc3 Nxe3 13. fxe3 f6 14. exf6 Bxf6
15. Na4 Qd8 16. Nc5 b6 17. Nxd7 Qxd7 18. Qc2 g6 19. Bb5 Nxb4 20. Qa4 Qe7 21.
Qxb4 Qxb4 22. axb4 Be7 23. Bc6 Rac8 24. b5 a5 25. Ne5 Bg5 26. Rxf8+ Rxf8 27. Re1
a4 28. Nd7 a3 29. Nxf8 Kxf8 30. Kf2 Kg7 31. Ra1 Be7 32. Ke2 Bd6 33. h3 Kf6 34.
Kd3 Kf5 35. g4+ Kg5 36. Bd7 Kf6 37. e4 dxe4+ 38. Kxe4 Ke7 39. Bc6 h5 40. gxh5
gxh5 41. Kd3 Kf6 42. Kc4 e5 43. dxe5+ Kxe5 44. Kb3 Kf4 45. Rxa3 Bxa3 46. Kxa3
Kg3 47. Bd7 h4 48. Kb4 Kf4 49. Kc4 Ke4 50. Bc6+ Ke5 51. Kd3 Kd6 {Black resigns}
1-0

[Event "Team 45 45 League T72"]
[Site "Internet Chess Club"]
[Date "2017.04.08"]
[Round "4"]
[White "WillC"]
[Black "ascoli"]
[Result "1-0"]
[WhiteElo "1639"]
[BlackElo "1648"]
[Opening "King's Indian: East Indian defense"]
[ECO "A48"]
[Time "13:01:20"]
[TimeControl "2700+45"]

1. d4 Nf6 2. Nf3 g6 3. b3 Bg7 4. Bb2 O-O 5. Nbd2 d5 6. e3 Bf5 7. Be2 Nc6 8. O-O
Nb4 9. c4 e6 10. Ne5 h5 11. a3 Nc6 12. Rc1 Nxe5 13. dxe5 Ng4 14. Nf3 Be4 15. h3
Bxf3 16. hxg4 Bxe2 17. Qxe2 h4 18. f4 f6 19. exf6 Bxf6 20. g5 Bxb2 21. Qxb2 Qd6
22. cxd5 exd5 23. Rf3 Rf7 24. Rh3 Rh7 25. b4 Rf8 26. Qf2 Rh5 27. Qe1 Qb6 28. Kh1
c6 29. Rc3 Rf7 30. Qe2 d4 31. Rd3 dxe3 32. Rhxe3 Qc7 33. Re8+ Kh7 34. Rdd8 Rd7
35. Rh8+ Kg7 36. Rdg8+ Kf7 37. Qe8# {Black checkmated} 1-0

[Event "Team 45 45 League T72"]
[Site "Internet Chess Club"]
[Date "2017.04.08"]
[Round "4"]
[White "Fianchettoed"]
[Black "justice02"]
[Result "1-0"]
[WhiteElo "1754"]
[BlackElo "1631"]
[Opening "QGD Slav: 3.Nf3"]
[ECO "D11"]
[Time "16:00:39"]
[TimeControl "2700+45"]

1. d4 d5 2. c4 c6 3. Nf3 a6 4. g3 g6 5. Bg2 Bg7 6. O-O Nf6 7. Nc3 O-O 8. Nd2 e5
9. dxe5 Ng4 10. cxd5 Nxe5 11. dxc6 Nexc6 12. Nde4 Bf5 13. Bg5 Qxd1 14. Rfxd1 b5
15. Nf6+ Bxf6 16. Bxf6 Ra7 17. Rd6 Rd7 18. Rad1 Rxd6 19. Rxd6 Rc8 20. a3 h5 21.
h4 Na5 22. Nd5 Rc1+ 23. Kh2 Nbc6 24. Ne7+ Nxe7 25. Rd8+ {Black resigns} 1-0

[Event "Team 45 45 League T72"]
[Site "Internet Chess Club"]
[Date "2017.04.09"]
[Round "4"]
[White "fledermaus"]
[Black "SlimeDog2"]
[Result "0-1"]
[WhiteElo "1837"]
[BlackElo "2108"]
[Opening "English: symmetrical, Geller variation"]
[ECO "A33"]
[Time "14:08:12"]
[TimeControl "2700+45"]

1. Nf3 c5 2. c4 Nc6 3. d4 cxd4 4. Nxd4 Nf6 5. Nc3 e6 6. g3 Qb6 7. Nb3 Ne5 8. Be3
Qc6 9. f3 Nxc4 10. Bc1 Bb4 11. Bg2 Nxb2 12. Bxb2 Bxc3+ 13. Bxc3 Qxc3+ 14. Nd2
O-O 15. Rc1 Qa3 16. Nc4 Qxa2 17. O-O d5 18. Ne5 Qa3 19. Qd4 Qd6 20. Ra1 b6 21.
Rfc1 Bb7 22. e4 Nd7 23. Nxd7 Qxd7 24. Bf1 Rfc8 25. e5 Rxc1 26. Rxc1 Rc8 27. Ra1
Bc6 28. Bd3 Bb5 29. Bb1 Rc1+ 30. Kg2 Qc8 31. Qb4 Bd3 32. Rxa7 Rxb1 33. Qa4 Bf1+
{White resigns} 0-1

[Event "Team 45 45 League T72"]
[Site "Internet Chess Club"]
[Date "2017.04.07"]
[Round "4"]
[White "Rhel"]
[Black "jonesey"]
[Result "1-0"]
[WhiteElo "1797"]
[BlackElo "1875"]
[Opening "Queen's Pawn"]
[ECO "A41"]
[Time "16:02:50"]
[TimeControl "2700+45"]

1. d4 d6 2. Bf4 g6 3. Nf3 Bg7 4. e3 Nd7 5. h3 e5 6. dxe5 dxe5 7. Bh2 e4 8. Nd4
c5 9. Nb5 Bxb2 10. Nd2 Bxa1 11. Qxa1 Qf6 12. Nc7+ Kd8 13. Qxf6+ Ngxf6 14. Nxa8
Ne8 15. Nxe4 f6 16. Nd6 Nxd6 17. Bxd6 b6 18. Nc7 Bb7 19. Ne6+ Kc8 20. f3 Re8 21.
Bc4 b5 22. Ng7 Rxe3+ 23. Kf2 Ra3 24. Re1 Bc6 25. Re8+ Kb7 26. Be6 Rc3 27. Re7
Rxc2+ 28. Kg3 Kc8 29. Ne8 Rd2 30. Bxc5 Rc2 31. Nd6+ Kc7 32. Ne4 Kd8 33. Bxd7
Bxe4 34. Bb4 Bd3 35. Be6 Bf1 36. Rd7+ Ke8 37. Rd2 Rc6 38. Bd7+ {Black resigns}
1-0

[Event "Team 45 45 League T72"]
[Site "Internet Chess Club"]
[Date "2017.04.07"]
[Round "4"]
[White "LazyPeon"]
[Black "qs16"]
[Result "1/2-1/2"]
[WhiteElo "1574"]
[BlackElo "1696"]
[Opening "QGD Slav: 3.Nf3"]
[ECO "D11"]
[Time "16:00:40"]
[TimeControl "2700+45"]

1. d4 d5 2. c4 c6 3. Nf3 Bf5 4. Nc3 e6 5. cxd5 exd5 6. Qb3 Qb6 7. Qxb6 axb6 8.
Bf4 Nd7 9. e3 Ngf6 10. Be2 Be7 11. Ne5 Nxe5 12. Bxe5 O-O 13. f3 Nd7 14. Bg3 h6
15. O-O Rfe8 16. e4 dxe4 17. fxe4 Bg6 18. Bc4 Bg5 19. e5 b5 20. Bb3 Be3+ 21. Bf2
Bg5 22. Rad1 Nb6 23. h4 Be7 24. d5 Nxd5 25. Nxd5 cxd5 26. Rxd5 b4 27. Rd7 b5 28.
Be3 Rad8 29. Rfd1 Rxd7 30. Rxd7 Bxh4 31. Bd4 Rd8 32. Rxd8+ Bxd8 33. Bc5 Bc7 34.
e6 fxe6 35. Bxe6+ Bf7 36. Bxf7+ Kxf7 37. Bxb4 h5 38. Kf2 Ke6 39. Kf3 Kf5 40. b3
Bb6 41. a4 bxa4 42. bxa4 g5 43. a5 Ba7 44. Be1 h4 45. Bf2 g4+ 46. Ke2 h3 47.
gxh3 gxh3 48. Kf3 Bb8 49. Bg3 h2 50. Bxh2 Bxh2 51. a6 Bg1 52. a7 Bxa7 {Game
drawn because neither player has mating material} 1/2-1/2

[Event "Team 45 45 League T72"]
[Site "Internet Chess Club"]
[Date "2017.04.07"]
[Round "4"]
[White "AVEMARIA"]
[Black "LookImYourVader"]
[Result "1/2-1/2"]
[WhiteElo "1699"]
[BlackElo "1766"]
[Opening "Scandinavian: Marshall variation"]
[ECO "B01"]
[Time "15:01:12"]
[TimeControl "2700+45"]

1. e4 d5 2. exd5 Nf6 3. d4 Nxd5 4. Nf3 g6 5. c3 Bg7 6. Be2 O-O 7. O-O Bf5 8. Qb3
Nb6 9. a4 a5 10. Na3 N8d7 11. Bf4 Nf6 12. c4 Bd7 13. Nb5 Bxb5 14. axb5 Re8 15.
Rfd1 e6 16. Qc2 Qe7 17. Ne5 Nfd7 18. Bf3 Nxe5 19. Bxe5 Bxe5 20. dxe5 Qc5 21.
Bxb7 Rab8 22. Bc6 Red8 23. Re1 Qxc4 24. Qxc4 Nxc4 25. b3 Nb2 26. g3 Nd3 27. Re3
Nb4 28. Rxa5 Nxc6 29. bxc6 Rd1+ 30. Kg2 Rc1 31. Ra4 Rxc6 32. Rc4 Rxc4 {Game
drawn by mutual agreement} 1/2-1/2

[Event "Team 45 45 League T72"]
[Site "Internet Chess Club"]
[Date "2017.04.06"]
[Round "4"]
[White "noblitz-oblige"]
[Black "az2112"]
[Result "0-1"]
[WhiteElo "1450"]
[BlackElo "1646"]
[Opening "Sicilian: Najdorf"]
[ECO "B90"]
[Time "21:30:16"]
[TimeControl "2700+45"]

1. e4 c5 2. Nf3 d6 3. d4 cxd4 4. Nxd4 Nf6 5. Nc3 a6 6. Bd3 e6 7. O-O Be7 8. b3
O-O 9. Bb2 b5 10. Nce2 Bb7 11. Ng3 Nbd7 12. Nf3 Nc5 13. Re1 Qb6 14. e5 Ng4 15.
Bd4 dxe5 16. Nxe5 Nxe5 17. Rxe5 Qc6 18. Ne4 Nxd3 19. cxd3 Rac8 20. Bb2 Qc2 21.
Qxc2 Rxc2 22. Bd4 Rfc8 23. h3 f5 24. Rxe6 fxe4 25. Rxe7 exd3 26. Rxg7+ Kf8 27.
Rxb7 d2 {White resigns} 0-1

[Event "Team 45 45 League T72"]
[Site "Internet Chess Club"]
[Date "2017.04.08"]
[Round "4"]
[White "ChessMaine"]
[Black "chesskix"]
[Result "1-0"]
[WhiteElo "1486"]
[BlackElo "1425"]
[Opening "Queen's pawn: stonewall attack"]
[ECO "A45"]
[Time "20:02:19"]
[TimeControl "2700+45"]

1. d4 Nf6 2. e3 d5 3. Bd3 g6 4. Nf3 Bg7 5. Nbd2 O-O 6. b3 Nbd7 7. Bb2 c6 8. O-O
Nb6 9. c4 Bg4 10. c5 Nbd7 11. h3 Bh5 12. g4 Nxg4 13. hxg4 Bxg4 14. Qc2 e6 15.
Kg2 Qf6 16. Rh1 Bf5 17. Rag1 Bxd3 18. Qxd3 Qf5 19. Qxf5 exf5 20. Kf1 Nxc5 21.
Ba3 Ne4 22. Bxf8 Bxf8 23. Nxe4 fxe4 24. Ne5 h6 25. Ng4 a5 26. Nxh6+ Bxh6 27.
Rxh6 Kg7 28. Rgh1 a4 29. Rh7+ Kf6 30. Rh8 Ra7 31. bxa4 Rxa4 32. Rb8 b5 33. Rb6
Rc4 34. Kg2 Kg7 35. Rb1 Rc2 36. Rb3 Rc4 37. Ra3 Rc2 38. Raa6 Kh6 39. Rxc6 Rxc6
40. Rxc6 f5 41. Rd6 b4 42. Rxd5 Kh5 43. Rb5 Kg4 44. d5 g5 45. d6 f4 46. exf4
gxf4 47. d7 e3 48. f3+ {Black resigns} 1-0

[Event "Team 45 45 League T72"]
[Site "Internet Chess Club"]
[Date "2017.04.09"]
[Round "4"]
[White "Conjurer"]
[Black "kingsrook"]
[Result "0-1"]
[WhiteElo "1285"]
[BlackElo "1277"]
[Opening "Queen's pawn, Mason variation"]
[ECO "D00"]
[Time "13:08:43"]
[TimeControl "2700+45"]

1. d4 d5 2. Bf4 Nf6 3. e3 c5 4. c3 e6 5. Nf3 Nc6 6. h3 Bd6 7. Ne5 Qc7 8. Bb5 O-O
9. Nd3 c4 10. Bxd6 Qxd6 11. Ne5 Nxe5 12. dxe5 Qxe5 13. O-O Bd7 14. Qa4 Rfd8 15.
Nd2 Bxb5 16. Qxb5 Qc7 17. Qa4 Qc6 18. Qc2 a5 19. b3 b5 20. Nf3 Qc7 21. Nd4 Qc5
22. a4 b4 23. Rac1 Rdc8 24. Nb5 Ne4 25. cxb4 Qxb4 26. bxc4 Rxc4 27. Qa2 Nc3 28.
Nxc3 Rxc3 29. Rc2 Rac8 30. Rfc1 h6 31. Rxc3 Rxc3 32. Qa1 Rxc1+ 33. Qxc1 Qxa4 34.
Qc8+ Kh7 35. Qb7 f6 36. Qb1+ f5 37. g4 Qb4 38. Qd3 Qe4 39. Qe2 d4 40. g5 d3 41.
Qd2 a4 42. f4 hxg5 43. fxg5 Kg6 44. h4 Qg4+ {White resigns} 0-1

[Event "Team 45 45 League T72"]
[Site "Internet Chess Club"]
[Date "2017.04.13"]
[Round "4"]
[White "idjit"]
[Black "clarinetref"]
[Result "1-0"]
[WhiteElo "1591"]
[BlackElo "1545"]
[Opening "Robatsch defense: three pawns attack"]
[ECO "B06"]
[Time "20:04:59"]
[TimeControl "2700+45"]

1. e4 g6 2. d4 Bg7 3. f4 c6 4. Nf3 d5 5. e5 h5 6. Bd3 Nh6 7. O-O Bf5 8. Nc3 Bxd3
9. Qxd3 e6 10. Ng5 Nd7 11. Nxe6 fxe6 12. Qxg6+ Kf8 13. Qxe6 Qe7 14. f5 Qxe6 15.
fxe6+ Ke7 16. exd7 Kxd7 17. Bg5 Raf8 18. Rxf8 Rxf8 19. Rf1 Rxf1+ 20. Kxf1 Nf5
21. Ne2 c5 22. c3 cxd4 23. cxd4 Bh6 24. Bxh6 Nxh6 25. h3 h4 26. g4 hxg3 27. Nxg3
Ke6 28. Kf2 b6 29. Kf3 Kf7 30. Kf4 Kg6 31. h4 Ng8 32. h5+ Kh6 33. Kg4 a5 34.
Nf5+ Kh7 35. Kg5 b5 36. e6 b4 37. e7 Nxe7 38. Nxe7 {Black resigns} 1-0